 Dungeon Crawl Stone Soup version 0.29.1-13-g9f3cf754e1 (webtiles) character file.

Game seed: 16759158747561977227

34 yemeth the Trooper (level 3, -1/33 HPs)
             Began as a Draconian Berserker on Feb 6, 2023.
             Was a Believer of Trog.
             Slain by Terence
             ... wielding a +0 mace
              (4 damage)
             ... on level 2 of the Dungeon.
             The game lasted 00:02:44 (1375 turns).

yemeth the Trooper (Draconian Berserker)            Turns: 1375, Time: 00:02:45

Health: -1/33      AC:  5    Str: 21    XL:     3   Next: 14%
Magic:  3/3        EV: 12    Int:  7    God:    Trog [**....]
Gold:   74         SH:  0    Dex: 10    Spells: 2/2 levels left

rFire   x . .      SeeInvis .   p - +0 mace (venom)
rCold   + . .      Faith    .   (no shield)
rNeg    . . .      Spirit   .   (body armour unavailable)
rPois   .          Reflect  .   (helmet restricted)
rElec   .          Harm     .   (no cloak)
rCorr   .          Rampage  .   (no gloves)
Will    .....                   (no boots)
Stlth   +.........              g - amulet of the acrobat
HPRegen 0.11/turn               e - ring of ice
MPRegen 0.08/turn               (no ring)

@: no status effects
A: AC +5, unfitting armour, cold-blooded
a: Renounce Religion, Berserk, Trog's Hand


You were on level 2 of the Dungeon.
You worshipped Trog.
Trog was pleased with you.
You visited 1 branch of the dungeon, and saw 2 of its levels.

You collected 74 gold pieces.

Inventory:

Hand Weapons
 a - a +0 falchion
 p - a +0 mace of venom (weapon)
Armour
 n - a +0 plate armour
Jewellery
 e - a ring of ice (left hand)
 g - an amulet of the acrobat (around neck)
Scrolls
 d - 2 scrolls of identify {unknown}
 f - a scroll of immolation {unknown}
 j - a scroll of amnesia {unknown}
 k - a scroll of teleportation {unknown}
 o - a scroll of fog {unknown}
 q - a scroll of enchant weapon {unknown}
 r - a scroll of fear {unknown}
Potions
 b - 3 potions of might {unknown}
 c - 2 potions of haste {unknown}
 h - a potion of degeneration {unknown}
 i - a potion of brilliance {unknown}
 l - a potion of mutation {unknown}
 m - 2 potions of curing {unknown}


   Skills:
 + Level 3.7 Fighting
 + Level 3.4 Long Blades
 + Level 3.2 Dodging


You had 2 spell levels left.
You didn't know any spells.
Your spell library was empty.

Dungeon Overview and Level Annotations

Branches:
Dungeon (2/15)

Altars:

Annotations:
D:2 Terence


Innate Abilities, Weirdness & Mutations

Your plain brown scales are hard. (AC +5)
You cannot fit into any form of body armour.
You are cold-blooded and may be slowed by cold attacks.


Message History

You start putting on your amulet.
You continue putting on your amulet of the acrobat. x5
You finish putting on your amulet of the acrobat.
You feel ready to tumble and roll out of harm's way.
g - an amulet of the acrobat (around neck)
You feel more attuned to ice.
e - a ring of ice (left hand)
q - a scroll labelled QIEDUO MUSUUTZ
r - a scroll labelled VEWA SEWEIGEHI You now have 74 gold pieces (gained 11).
Terence the Incautious comes into view.
He is wielding a +0 mace and wearing a +1 chain mail of poison resistance.
You barely miss Terence. Terence closely misses you.
You barely miss Terence. Terence misses you.
You sock Terence!
Terence is moderately wounded.
Terence closely misses you. Terence hits you but does no damage.
You thump Terence!
Terence is severely wounded.
Terence hits you with a +0 mace!
You closely miss Terence.
Terence is severely wounded.
Terence hits you with a +0 mace! Terence closely misses you.
You barely miss Terence.
Your tail-slap misses Terence.
Terence is severely wounded.
Terence hits you with a +0 mace.
You hit Terence but do no damage.
Terence is severely wounded.
Terence hits you with a +0 mace.
You hit Terence but do no damage.
Your tail-slap misses Terence.
Terence is severely wounded.
Terence closely misses you. Terence hits you with a +0 mace.
* * * LOW HITPOINT WARNING * * *
You hit Terence.
Terence is severely wounded.
Terence hits you with a +0 mace.
* * * LOW HITPOINT WARNING * * *
You hit Terence.
Terence is poisoned.
Terence is severely wounded.
Terence hits you with a +0 mace.
You die...

#####...## .#
.........# ...# #
###......# ..#.#
###.....##### ..#.
..#....###..## ..^
#.#...###....###.#
#.###.##......##.#
#.# #............#
.# #.###.######@#
.# #.....# #@# .#
#.##### #.# .# #.#
#.# #.# #.# #..
..# ### ###


You could see Terence (very poisoned).

Vanquished Creatures
  6 ball pythons
  4 endoplasms
  2 giant cockroaches
  A goblin (D:1)
  3 hobgoblins
  2 kobolds (D:1)
  2 quokkas (D:1)
  2 bats
  2 frilled lizards
  5 rats
29 creatures vanquished.

Notes
Turn   | Place    | Note
-------+----------+-------------------------------------------
     0 | D:1      | yemeth the Draconian Berserker began the quest for the Orb.
     0 | D:1      | Reached XP level 1. HP: 19/19 MP: 1/1
    84 | D:1      | Reached XP level 2. HP: 22/26 MP: 2/2
   141 | D:1      | Found a faded altar of an unknown god.
  1270 | D:2      | Reached ** piety under Trog
  1271 | D:2      | Reached XP level 3. HP: 33/33 MP: 3/3
  1364 | D:2      | Noticed Terence
  1375 | D:2      | Slain by Terence

Illustrated notes

Levels and vault maps discovered:
D:1:      dpeg_arrival_solitude, layout_loops_ring,
          nicolae_ecumenical_snake_handling
D:2:      layout_basic, minivault_19, supply_closet_lemuel, uniq_terence

Skill      XL: |  1  2 |
---------------+-------+-----
Dodging        | 3 |  3.2
Fighting       | |  3.7
Long Blades    | |  3.4

Action                   || total
-------------------------++-------
Melee: Falchion          ||    85
       Tailslap          ||    10
       Mace              ||    10
 Stab: Sleeping          ||     1
Armor: Skin              ||    27
Dodge: Dodged            ||    64
